AoeStats
← 鄙人張麻子

Arabia

505386435Analyzed
1v1 RM · 24d ago on Sep 9, 2026· 24m 20s· 2 players
Game mode
Random Map
Map size
Tiny (2 player)
Population
200
Speed
Normal
Resources
Standard
Victory
Conquest
Starting age
Dark Age
Ending age
Imperial Age
RankedLock teamsTeams togetherTeam positionsShared explorationLock speedFull tech treeHidden civsTurbo modeCheats
Victory
Defeat
🇺🇸 Armenians · United States
1155
+16
🇹🇼 Magyars · Taiwan
1155
-16
TheQuietRebel
7:59 Loom
9:50 Feudal Age
11:37 Double-Bit Axe
12:14 Horse Collar
14:49 Fletching
15:25 Town Watch
19:03 Wheelbarrow
22:24 Castle Age
20:15 Man-at-Arms
21:01 Long Swordsman
22:33 Scale Mail Armor
23:20 Bow Saw
22:57 Elite Skirmisher
23:42 Bodkin Arrow
鄙人張麻子
6:52 Loom
9:14 Feudal Age
9:46 Horse Collar
9:53 Double-Bit Axe
16:35 Wheelbarrow
21:06 Castle Age
19:36 Fletching
21:24 Bloodlines
21:48 Husbandry
22:04 Bow Saw
23:38 Bodkin Arrow
Connection lost

Rejoining the realm…

Still unreachable

The connection could not be restored.

Session expired

The server has moved on; the page needs a fresh start.